 Dungeon Crawl Stone Soup version 0.27.1-3-gb3d3a73c9e (webtiles) character file.

Game seed: 5217258908789733759

46603 Crownlay the Fighter (level 14, -23/133 HPs)
             Began as a Minotaur Berserker on Oct 23, 2021.
             Was a High Priest of Trog.
             Annihilated by an azure jelly (42 damage)
             ... on level 6 of the Lair of Beasts.
             The game lasted 00:32:29 (18499 turns).

Crownlay the Fighter (Minotaur Berserker)          Turns: 18499, Time: 00:32:30

Health: -23/133    AC: 35    Str: 33    XL:     14   Next: 5%
Magic:  13/13      EV:  9    Int:  8    God:    Trog [*****.]
Gold:   829        SH:  5    Dex: 14    Spells: 13/13 levels left

rFire    . . .     SeeInvis .   D - +10 rapier of Mandamus {flame, *Rage +Blink Int+4 Dex+4}
rCold    . . .     Faith    .   H - +0 buckler
rNeg     . . .     Spirit   .   K - +10 plate armour {ponderous}
rPois    .         Reflect  .   (helmet restricted)
rElec    .         Harm     .   (no cloak)
rCorr    .         Rampage  .   c - +0 pair of gloves
Will     +++..     Rnd*Rage +   g - +1 pair of boots
Stlth    ..........             (no amulet)
HPRegen  1.32/turn              v - ring of Eqozur {AC+4 Slay+2}
MPRegen  0.13/turn              j - +6 ring of strength

@: strong-willed, regenerating, slow
A: horns 2, retaliatory headbutt
a: Renounce Religion, Evoke Blink, Berserk, Trog's Hand, Brothers in Arms


You were on level 6 of the Lair of Beasts.
You worshipped Trog.
Trog was extremely pleased with you.
You visited 2 branches of the dungeon, and saw 19 of its levels.
You also visited: Ossuary.

You collected 897 gold pieces.
You spent 68 gold pieces at shops.

Inventory:

Hand Weapons
 a - the +4 hand axe of the Spider {freeze, Dex+4}
   (You found it on level 13 of the Dungeon)

   It freezes those it strikes, dealing additional cold damage.
   It can also slow down cold-blooded creatures.
   Dex:       It affects your dexterity (+4).
 D - the +10 rapier of Mandamus (weapon) {flame, *Rage +Blink Int+4 Dex+4}
   (You found it on level 6 of the Dungeon)

   It burns those it strikes, dealing additional fire damage.
   Int:       It affects your intelligence (+4).
   Dex:       It affects your dexterity (+4).
   +Blink:    It lets you blink.
   *Rage:     It may make you go berserk in combat.
 L - the +8 mace of Crusades {antimagic, *Noise rElec rF+}
   (You found it on level 9 of the Dungeon)

   It reduces the magical energy of the wielder, and disrupts the spells and
   magical abilities of those it strikes.
   Natural abilities and divine invocations are not affected.
   rF:        It protects you from fire.
   rElec:     It insulates you from electricity.
   *Noise:    It may make noises in combat.
Missiles
 N - 3 throwing nets (quivered)
Armour
 c - a +0 pair of gloves (worn)
 g - a +1 pair of boots (worn)
 A - a +0 tower shield
 H - a +0 buckler (worn)
 K - a +10 plate armour of ponderousness (worn)
Jewellery
 j - a +6 ring of strength (right hand)
 v - the ring of Eqozur (left hand) {AC+4 Slay+2}
   (You found it on level 5 of the Lair of Beasts)

   [ring of protection]

   AC:        It affects your AC (+4).
   Slay:      It affects your accuracy & damage with ranged weapons and melee
   (+2).
 I - a ring of ice
 Q - a ring of see invisible
Wands
 m - a wand of iceblast (7)
 p - a wand of charming (7)
 w - a wand of flame (34)
 x - a wand of mindburst (30)
 G - a wand of polymorph (15)
 P - a wand of digging (8)
Scrolls
 b - a scroll of identify
 d - 18 scrolls of teleportation
 e - 4 scrolls of immolation
 f - 3 scrolls of enchant weapon
 h - 3 scrolls of fear
 i - a scroll of holy word {unknown}
 k - 4 scrolls of blinking
 n - 8 scrolls of enchant armour
 o - a scroll of summoning {unknown}
 r - 3 scrolls of torment
 y - 5 scrolls of vulnerability
 B - 2 scrolls of fog
 E - a scroll of magic mapping
 F - a scroll of silence
Potions
 l - 2 potions of flight
 q - 6 potions of might
 s - 4 potions of mutation
 t - 4 potions of attraction
 u - 8 potions of curing
 z - 3 potions of haste
 C - a potion of invisibility
 M - 11 potions of ambrosia
Miscellaneous
 J - a condenser vane


   Skills:
 + Level 14.9 Fighting
 - Level 14.0 Long Blades
 - Level 10.0 Maces & Flails
 * Level 14.7 Armour
 - Level 2.1 Dodging
 - Level 4.0 Shields
 - Level 8.0 Evocations


You had 13 spell levels left.
You didn't know any spells.
Your spell library was empty.

Dungeon Overview and Level Annotations

Branches:
Dungeon (13/15)            Temple (0/1) D:7            Lair (6/6) D:11
  Swamp (0/4) Lair:2       Spider (0/4) Lair:2        Slime (0/5) Lair:5
    Orc (0/2) D:9         Ossuary (visited)
 Vaults: D:13-14

Altars:
Ashenzari
Jiyva

Shops:
D:6 *   D:8 [   D:10 [


Innate Abilities, Weirdness & Mutations

You have a pair of horns on your head.
You reflexively headbutt those who attack you in melee.


Message History

You block the azure jelly's attack. The azure jelly hits you.
The rockslime hits you but does no damage.
You barely miss the azure jelly.
The azure jelly is heavily wounded.
The rockslime hits you!!
You hold your ground!
The rockslime hits the bush!!
The azure jelly closely misses you. You furiously retaliate!
You headbutt the azure jelly! The azure jelly closely misses you.
The azure jelly hits you but does no damage.
The azure jelly barely misses you.
You hit the azure jelly. You burn the azure jelly.
The azure jelly is severely wounded.
The rockslime barely misses you. The rockslime closely misses you.
You furiously retaliate!
You headbutt the rockslime.
The rockslime hits the bush!!
The azure jelly hits you but does no damage.
The azure jelly hits you. The azure jelly freezes you!!
You block the azure jelly's attack.
The azure jelly hits you but does no damage.
You are too injured to fight recklessly!
You puncture the azure jelly! You burn the azure jelly.
You headbutt the azure jelly.
The azure jelly is almost dead.
The rockslime closely misses you. You furiously retaliate!
You headbutt the rockslime! The rockslime closely misses you.
The rockslime hits the bush!!
The azure jelly hits you but does no damage.
The azure jelly hits you. The azure jelly freezes you!!
* * * LOW HITPOINT WARNING * * *
The azure jelly hits you but does no damage.
The azure jelly closely misses you.
Okay, then.
As you read the scroll of fear, it crumbles to dust.
You assume a fearsome visage.
The rockslime looks frightened!
The azure jelly resists with almost no effort.
The rockslime looks frightened!
The rockslime easily resists.
The rockslime looks frightened!
The plant is unaffected. x3
The bush is unaffected.
The azure jelly hits you.
* * * LOW HITPOINT WARNING * * *
The azure jelly freezes you!!!
You die...

############....# ...
...#.#.#.#......###.....
...........................
.....#######...............
.....#.JJ..#..............
.....#..J.J#.............
.#.###JJJ.J#..PP.......#
#### #.JJ.J###JJ#P....##
######.JJJJ# #.#@..J...##
.##.P#J_JJJ###.##.J<....#.
.....#####.#..JJ.JJ........
...........................
...........J...............
...........................
#.##.............P#......##
...............#.......#.P#
...........................


You could see an azure jelly, 4 rockslimes and a jelly.

Vanquished Creatures
  A rockslime (Lair:6)
  A boulder beetle (D:12)
  5 hydras
  4 two-headed ogres
  A catoblepas (D:12)
  2 death yaks (Lair:4)
  Pikel (D:5)
  2 lindwurms (Lair:5)
  2 oklob plants (Lair:5)
  2 manticores (D:11)
  Joseph (D:7)
  9 elephants (Lair:5)
  2 black mambas
  Maurice (D:9)
  12 cane toads
  3 rime drakes
  Maggie (D:7)
  7 komodo dragons
  2 queen bees
  2 trolls
  3 meliai (Lair:5)
  2 tyrant leeches (Lair:2)
  3 polar bears
  A hornet (D:9)
  Prince Ribbit (D:5)
  6 blink frogs
  Sigmund (D:5)
  2 redbacks (Lair:2)
  6 wyverns
  A vampire (D:10)
  47 yaks
  2 wraiths
  3 basilisks
  A steam dragon (Lair:5)
  7 vampire mosquitoes
  A swamp worm (Lair:2)
  7 water moccasins
  3 acid dragons
  2 ice beasts
  3 sky beasts
  3 black bears
  A hornet zombie (D:6)
  3 orc warriors
  3 ogres
  2 necrophages
  11 wolves
  3 centaurs
  A lemure (D:5)
  14 bullfrogs
  An elf zombie (Ossuary)
  3 gnoll sergeants
  A wyvern zombie (D:7)
  A scorpion (D:6)
  A vampire bat (D:3)
  53 killer bees
  5 wights (D:7)
  A howler monkey (D:8)
  A bullfrog zombie (D:5)
  6 hounds
  A centaur skeleton (D:7)
  4 centaur zombies
  9 orc priests
  3 jellies (Lair:6)
  2 bullfrog skeletons
  Jessica (D:3)
  2 iguanas (D:4)
  Natasha (thrice) (D:3)
  11 orc wizards
  2 killer bee zombies (D:8)
  3 mummies (Ossuary)
  2 howler monkey zombies
  A hound skeleton (D:4)
  6 adders
  17 gnolls
  2 river rats (Lair:5)
  3 white imps
  4 ufetubi
  3 worms (D:3)
  3 dart slugs
  3 fire bats (D:3)
  21 orcs
  2 spectral bats (D:3)
  4 ball pythons
  3 bat skeletons (D:3)
  A bat zombie (D:3)
  9 endoplasms
  13 giant cockroaches
  A gnoll zombie (Ossuary)
  3 goblins
  6 hobgoblins
  11 jackals
  9 quokkas
  10 bats (D:3)
  A bat simulacrum (D:3)
  A frilled lizard (D:2)
  3 goblin zombies (Ossuary)
  6 hobgoblin zombies (Ossuary)
  9 kobolds
  2 kobold zombies
  An orc zombie (D:5)
  5 rats
483 creatures vanquished.

Vanquished Creatures (others)
  9 fungi
  17 plants
26 creatures vanquished.

Grand Total: 509 creatures vanquished

Notes
Turn   | Place    | Note
-------+----------+-------------------------------------------
     0 | D:1      | Crownlay the Minotaur Berserker began the quest for the
                  | Orb.
     0 | D:1      | Reached XP level 1. HP: 19/19 MP: 0/0
   573 | D:1      | Reached XP level 2. HP: 24/27 MP: 1/1
  1060 | D:2      | Reached XP level 3. HP: 31/33 MP: 2/2
  1557 | D:2      | Reached ** piety under Trog
  1558 | D:2      | Reached skill level 5 in Long Blades
  1779 | D:2      | Reached XP level 4. HP: 38/41 MP: 3/3
  2498 | D:3      | Noticed Natasha
  2506 | D:3      | Killed Natasha
  2507 | D:3      | Reached XP level 5. HP: 45/47 MP: 4/4
  2540 | D:3      | Reached skill level 5 in Fighting
  2569 | D:3      | Noticed Jessica
  2574 | D:3      | Killed Jessica
  2577 | D:3      | Reached *** piety under Trog
  2655 | D:3      | Reached XP level 6. HP: 56/56 MP: 5/5
  2922 | D:3      | Noticed Natasha
  2932 | D:3      | Killed Natasha
  3083 | D:3      | Noticed Natasha
  3086 | D:3      | Killed Natasha
  3314 | D:4      | Reached XP level 7. HP: 56/63 MP: 6/6
  3735 | D:5      | Entered Level 5 of the Dungeon
  3748 | D:5      | Noticed Prince Ribbit
  3764 | D:5      | Killed Prince Ribbit
  3803 | D:5      | Noticed Pikel
  3817 | D:5      | Killed Pikel
  3818 | D:5      | Reached skill level 10 in Long Blades
  3818 | D:5      | Reached XP level 8. HP: 74/74 MP: 7/7
  4003 | D:5      | Found a sand-covered staircase.
  4007 | D:5      | Reached **** piety under Trog
  4013 | Ossuary  | Entered an ossuary
  4494 | Ossuary  | Reached XP level 9. HP: 80/83 MP: 8/8
  4784 | D:5      | Noticed Sigmund
  4794 | D:5      | Killed Sigmund
  5054 | D:6      | Reached skill level 10 in Fighting
  5181 | D:6      | Identified the +10 rapier of Mandamus {flame, *Rage +Blink
                  | Int+4 Dex+4}
  5513 | D:6      | Found Uschuc's Assorted Antiques.
  5800 | D:6      | Bought a scroll of identify for 34 gold pieces
  5800 | D:6      | Bought a scroll of identify for 34 gold pieces
  6179 | D:7      | Found a staircase to the Ecumenical Temple.
  6218 | D:7      | Reached XP level 10. HP: 42/94 MP: 9/9
  6561 | D:7      | Found a broken altar of Ashenzari.
  6561 | D:7      | Noticed Joseph
  6566 | D:7      | Noticed Maggie
  6573 | D:7      | Killed Maggie
  6639 | D:7      | Killed Joseph
  7129 | D:8      | Reached skill level 1 in Evocations
  7272 | D:8      | Found Kaonarokk's Antique Armour Emporium.
  7454 | D:9      | Paralysed by a hornet for 1 turns
  7458 | D:9      | Reached skill level 1 in Shields
  7484 | D:9      | Found a staircase to the Orcish Mines.
  7552 | D:9      | Noticed a two-headed ogre
  7557 | D:9      | Killed a two-headed ogre
  7781 | D:9      | Noticed Maurice
  7795 | D:9      | Killed Maurice
  7884 | D:9      | Identified the +8 mace of Crusades {antimagic, *Noise rElec
                  | rF+}
  7975 | D:9      | Reached skill level 1 in Maces & Flails
  8009 | D:9      | Reached XP level 11. HP: 54/102 MP: 10/10
  8505 | D:10     | Entered Level 10 of the Dungeon
  8588 | D:10     | Reached skill level 5 in Evocations
  8595 | D:10     | Reached skill level 5 in Maces & Flails
  8687 | D:10     | Found Zyzusee's Armour Boutique.
  9761 | D:11     | Found a broken altar of Ashenzari.
  9794 | D:11     | Noticed a two-headed ogre
  9797 | D:11     | Killed a two-headed ogre
  9843 | D:11     | Found a staircase to the Lair.
  9855 | D:11     | Reached skill level 5 in Armour
 10754 | D:12     | Noticed a two-headed ogre
 10760 | D:12     | Killed a two-headed ogre
 10891 | D:12     | Noticed a boulder beetle
 10906 | D:12     | Killed a boulder beetle
 10907 | D:12     | Reached XP level 12. HP: 82/112 MP: 11/11
 11055 | D:12     | Noticed a catoblepas
 11070 | D:12     | Killed a catoblepas
 11364 | D:12     | Noticed a two-headed ogre
 11371 | D:12     | Killed a two-headed ogre
 12012 | D:13     | Identified the +4 hand axe of the Spider {freeze, Dex+4}
 12081 | Lair:1   | Entered Level 1 of the Lair of Beasts
 12499 | Lair:1   | Reached skill level 10 in Maces & Flails
 12703 | Lair:2   | Found a hole to the Spider Nest.
 12830 | Lair:2   | Found a staircase to the Swamp.
 13069 | Lair:2   | Noticed an eight-headed hydra
 13081 | Lair:2   | Killed an eight-headed hydra
 13176 | Lair:2   | Reached skill level 10 in Armour
 13205 | Lair:2   | Noticed a six-headed hydra
 13211 | Lair:2   | Killed a six-headed hydra
 13877 | Lair:3   | Noticed a seven-headed hydra
 13887 | Lair:3   | Killed a seven-headed hydra
 13888 | Lair:3   | Reached XP level 13. HP: 100/122 MP: 12/12
 16526 | Lair:5   | Reached ***** piety under Trog
 17073 | Lair:5   | Identified the ring of Eqozur {AC+4 Slay+2}
 17915 | Lair:5   | Reached XP level 14. HP: 76/133 MP: 13/13
 18092 | Lair:5   | Found a staircase to the Slime Pits.
 18130 | Lair:6   | Entered Level 6 of the Lair of Beasts
 18181 | Lair:6   | Noticed a rockslime
 18199 | Lair:6   | Killed a rockslime
 18311 | Lair:6   | Noticed a rockslime
 18316 | Lair:6   | Found a viscous altar of Jiyva.
 18316 | Lair:6   | Noticed an azure jelly
 18316 | Lair:6   | Noticed a rockslime
 18316 | Lair:6   | Noticed a rockslime
 18316 | Lair:6   | Noticed a rockslime
 18499 | Lair:6   | Annihilated by an azure jelly

Illustrated notes

Levels and vault maps discovered:
D:1:      tarquinn_simple_flora_water_b, layout_loops_cross
D:2:      layout_loops_cross, columned_hall_lemuel, minmay_quadrilaterals
D:3:      minmay_roachtagon, layout_basic, serial_glass, glass_columns_a,
          glass_columns_b, glass_columns_a, glass_columns_a, glass_columns_b,
          glass_columns_a, goddamned_bats, uniq_natasha, uniq_jessica
D:4:      layout_cave_pools
D:5:      layout_rooms, enter_ossuary_3, uniq_pikel, uniq_sigmund,
          uniq_prince_ribbit1
D:6:      layout_basic, serial_shops, nicolae_shop_waterfront
D:7:      layout_loops_cross, mainiacjoe_overflow_alcove_4,
          minmay_temple_entry_sparse_star, uniq_joseph, uniq_maggie
D:8:      layout_gridville, serial_shops, shop, kennysheep_generic_room_13
D:9:      layout_long_grid, orc_0_dummy, serial_rivers,
          chequers_serial_rivers_small_a, chequers_serial_rivers_micro_e,
          chequers_serial_rivers_marsh, chequers_serial_rivers_large_a,
          chequers_serial_rivers_room_a, special_room [special_room_bee],
          uniq_maurice
D:10:     layout_long_grid, serial_shops, nicolae_diamond_shop,
          nrook_mini_vaults, grunt_ministairs_8, grunt_decor_fettered
D:11:     layout_long_grid, david_lair_generic, evilmike_ruin_ashenzari
D:12:     layout_stronghold, serial_column_ruins, column_ruins_hut,
          column_ruins_open_tiny, column_ruins_corridor_dead_end,
          column_ruins_grid_1, column_ruins_grid_3, column_ruins_open_tiny,
          column_ruins_corridor_straight, column_ruins_grid_3
D:13:     layout_gridville, lightli_vaults_fourway_checkpoint,
          argonaut_gorgonesque, uniq_sonja
Lair:1:   layout_layer_cave
Lair:2:   layout_loops_ring, minmay_swamp_entry_worms, spider_nest_entry_webs
Lair:3:   layout_hall_layers, infiniplex_staircase_pool
Lair:4:   layout_loops_ring, beast_lair_carwin_5, grunt_megastairs_1
Lair:5:   regret_index_tunnel_blossom, layout_regular_city,
          minmay_slime_entry_oklob_enclosed, ldierk_geyser
Lair:6:   hellmonk_lair_end_abyssal_woods, layout_long_grid,
          ebering_ghost_rock_garden, special_room [special_room_jelly],
          minivault_26, nzn_sisyphean_effort

Skill      XL: |  1  2  3  4  5  6  7  8  9 10 11 12 13 |
---------------+----------------------------------------+-----
Long Blades    | 4 5 6 7 8 10 11 13 14 | 14.0
Fighting       | 4 5 6 8 9 10 11 12 13 14 | 14.9
Armour         | 3 7 10 14 | 14.7
Evocations     | 4 6 8 |  8.0
Shields        | 4 |  4.0
Maces & Flails | 3 8 10 | 10.0
Dodging        | |  2.1

Action                   |  1- 3 |  4- 6 |  7- 9 | 10-12 | 13-15 || total
-------------------------+-------+-------+-------+-------+-------++-------
Melee: Falchion          |    91 |   173 |   260 |       |       ||   524
       Headbutt          |     8 |    31 |    67 |   127 |    79 ||   312
       Rapier            |       |       |    41 |   442 |   300 ||   783
       Mace              |       |       |       |     3 |       ||     3
Throw: Throwing net      |       |       |       |       |     3 ||     3
Invok: Trog's Hand       |       |     1 |    10 |    22 |    10 ||    43
       Berserk           |       |       |     5 |     6 |     1 ||    12
Evoke: Wand              |       |       |       |     1 |     7 ||     8
  Use: Scroll            |       |       |    13 |     9 |     5 ||    27
       Potion            |       |       |       |       |     3 ||     3
Armor: Plate armour      |    45 |   177 |   142 |   242 |   209 ||   815
Dodge: Dodged            |    34 |    91 |   111 |   164 |   125 ||   525
Block: Buckler           |       |       |       |    67 |    66 ||   133
       Rpst.: Falchion   |    11 |    18 |    24 |       |       ||    53
